 Dungeon Crawl Stone Soup version 0.20-a0-268-gb6bde61 (webtiles) character file.

23 tboon the Skirmisher (level 2, -3/27 HPs)
             Began as a Minotaur Fighter on Dec 6, 2016.
             Slain by a gnoll
             ... wielding a +0 whip
              (5 damage)
             ... on level 2 of the Dungeon.
             The game lasted 00:01:03 (145 turns).

tboon the Skirmisher (Minotaur Fighter)              Turns: 145, Time: 00:01:03

Health: -3/27      AC:  7    Str: 20    XL:     2   Next: 75%
Magic:  1/1        EV:  7    Int:  5    God:
Gold:   0          SH:  9    Dex:  9    Spells: 1/1 levels left

rFire  . . .     SeeInvis .     a - +0 war axe
rCold  . . .     Gourm    .     b - +0 scale mail
rNeg   . . .     Faith    .     c - +0 shield
rPois  .         Spirit   .     (helmet restricted)
rElec  .         Reflect  .     (no cloak)
rCorr  .         Harm     .     (no gloves)
MR     .....                    (no boots)
Stlth  ..........               (no amulet)
                                (no ring)
                                (no ring)

@: no status effects
A: retaliatory headbutt, horns 2
a: no special abilities


You were on level 2 of the Dungeon.
You were not hungry.

You visited 1 branch of the dungeon, and saw 2 of its levels.

Inventory:

Hand Weapons
 a - a +0 war axe (weapon)
Armour
 b - a +0 scale mail (worn)
 c - a +0 shield (worn)
Scrolls
 e - a scroll of identify {unknown}
Potions
 d - a potion of might
Comestibles
 f - 3 bread rations


   Skills:
 + Level 3.9 Fighting
 * Level 3.3 Axes
 + Level 3.9 Armour
 + Level 0.4 Dodging
 - Level 3.6 Shields


You had one spell level left.
You didn't know any spells.

Dungeon Overview and Level Annotations

Branches:
Dungeon (1/15)

Altars:


Innate Abilities, Weirdness & Mutations

You reflexively headbutt those who attack you in melee.
You have a pair of horns on your head.


Message History

Welcome, tboon the Minotaur Fighter.
Will you be the one to retrieve the fabulous Orb of Zot from the depths?
Press ? for a list of commands and other information.
Found a staircase leading out of the dungeon.
The centaur shouts!
The troll shouts!
Found an escape hatch in the floor.
You open the door.
There is an open door here.
There is an escape hatch in the floor here.
You open the door.
There is an open door here.
A hobgoblin comes into view. It is wielding a club.
The hobgoblin shouts!
You hear an angry hiss.
A frilled lizard comes into view.
The hobgoblin hits you but does no damage.
You closely miss the hobgoblin.
You headbutt the hobgoblin, but do no damage.
The hobgoblin hits you but does no damage.
You slash the hobgoblin!
You kill the hobgoblin!
You closely miss the frilled lizard. You block the frilled lizard's attack.
You slash the frilled lizard!
You kill the frilled lizard!
No target in view!
You see here a frilled lizard corpse.
f - 2 bread rations (gained 1)
Found a stone staircase leading down.
f - 3 bread rations (gained 1)
e - a scroll labeled BANGAA WODOYS A goblin comes into view.
It is wielding a club.
The goblin shouts!
You block the goblin's attack.
Your shield and scale mail prevent you from hitting the goblin.
The goblin barely misses you.
You hit the goblin but do no damage. You block the goblin's attack. x2
You slash the goblin!
You kill the goblin!
No target in view!
No target in view!
Things that are here:
a club; a goblin corpse You fall through a shaft!
The shaft crumbles and collapses.
A rat and 3 gnolls come into view.
The gnoll shouts! x2
You barely miss the gnoll. You closely miss the rat. You barely miss the gnoll.
You block the gnoll's attack. The gnoll hits you with a whip.
The rat bites you but does no damage.
You barely miss the gnoll. You closely miss the rat.
You closely miss the gnoll. You block the rat's attack.
You block the gnoll's attack.
You hit the gnoll.
The gnoll is lightly wounded.
You hit the rat.
You kill the rat!
You completely miss the gnoll. You hit the gnoll. You block the gnoll's attack.
The gnoll hits you but does no damage. The gnoll barely misses you.
The gnoll hits you but does no damage.
You closely miss the gnoll.
The gnoll is moderately wounded.
You closely miss the gnoll. You hit the gnoll.
The gnoll hits you but does no damage. x2; You block the gnoll's attack.
The gnoll hits you with a whip. x2
You are too injured to fight recklessly!
You are too injured to fight recklessly!
You are too injured to fight recklessly!
You barely miss the gnoll.
The gnoll is moderately wounded.
You slash the gnoll! You barely miss the gnoll. You block the gnoll's attack.
The gnoll hits you with a whip. The gnoll hits you but does no damage.
Your shield and scale mail prevent you from hitting the gnoll.
The gnoll is moderately wounded.
You barely miss the gnoll. You hit the gnoll. The gnoll hits you with a whip.
You block the gnoll's attack. x2; The gnoll hits you with a whip.
* * * LOW HITPOINT WARNING * * *
The gnoll barely misses you.
You hit the gnoll.
You kill the gnoll!
Your Axes skill increases to level 3!
You have reached level 2!
You hit the gnoll. You closely miss the gnoll. You block the gnoll's attack.
The gnoll hits you with a whip.
* * * LOW HITPOINT WARNING * * *
You slash the gnoll!
You kill the gnoll!
You hit the gnoll. The gnoll hits you but does no damage.
Things that are here:
a whip; a gnoll corpse You closely miss the gnoll.
The gnoll is almost dead.
The gnoll hits you with a whip.
You die...

#######
#.....#
#.....#
#.....##
#@g)...#
#......#
#.....##
####.##
... ##.#
.# #


You could see a gnoll.

Vanquished Creatures
  2 gnolls (D:2)
  A goblin (D:1)
  A hobgoblin (D:1)
  A frilled lizard (D:1)
  A rat (D:2)
6 creatures vanquished.

Notes
Turn   | Place    | Note
-------+----------+-------------------------------------------
     0 | D:1      | tboon the Minotaur Fighter began the quest for the Orb.
     0 | D:1      | Reached XP level 1. HP: 19/19 MP: 0/0
    10 | D:1      | Noticed a centaur
    12 | D:1      | Noticed a minotaur skeleton
    13 | D:1      | Noticed a troll
   134 | D:1      | You fall through a shaft!
   141 | D:2      | HP: 2/20 [gnoll/whip (5)]
   142 | D:2      | Reached skill level 3 in Axes
   142 | D:2      | Reached XP level 2. HP: 3/27 MP: 1/1
   145 | D:2      | Slain by a gnoll

Vault maps used:
D:1:      shiori_arrival_whats_in_store_for_you, minmay_tromino_v4_c
D:2:      lemuel_upstairs_altar, first_bread

Skill      XL: |  1 |
---------------+----+-----
Axes           | 3 |  3.3
Fighting       | |  3.9
Armour         | |  3.9
Dodging        | |  0.4
Shields        | |  3.6

Action                   || total
-------------------------++-------
Melee: War axe           ||    16
       Headbutt          ||     1
Armor: Scale mail        ||     8
Dodge: Dodged            ||     3
Block: Shield            ||    13

Vault maps used:
D:1:      shiori_arrival_whats_in_store_for_you, minmay_tromino_v4_c
D:2:      lemuel_upstairs_altar, first_bread

Table legend:
 A = Turns spent in this place as a percentage of turns spent in the entire game.
 B = Non-inter-level travel turns spent in this place as a percentage of non-inter-level travel turns spent in the entire game.
 C = Inter-level travel turns spent in this place as a percentage of turns spent in this place.
 D = Turns resting spent in this place as a percentage of non-inter-level travel turns spent in this place.
 E = Turns spent auto-exploring this place as a percentage of non-inter-level travel turns spent in this place.
 F = Non-inter-level travel turns spent in this place divided by the number of levels of this place that you've seen.
                   A       B       C       D       E      F
               +-------+-------+-------+-------+-------+----------------------
         Total | 100.0 | 100.0 |   0.0 |   0.0 |  18.9 |  18.5
       Dungeon | 100.0 | 100.0 |   0.0 |   0.0 |  18.9 |  18.5
               +-------+-------+-------+-------+-------+----------------------

Table legend:
 A = Kills in this place as a percentage of kills in entire the game.
 B = Kills by you in this place as a percentage of kills by you in the entire game.
 C = Kills by friends in this place as a percentage of kills by friends in the entire game.
 D = Other kills in this place as a percentage of other kills in the entire game.
 E = Experience gained in this place as a percentage of experience gained in the entire game.
 F = Experience gained in this place divided by the number of levels of this place that you have seen.
                   A       B       C       D       E      F
               +-------+-------+-------+-------+-------+----------------------
         Total | 100.0 | 100.0 |  -nan |  -nan | 100.0 |  17.0
       Dungeon | 100.0 | 100.0 |  -nan |  -nan | 100.0 |  17.0
               +-------+-------+-------+-------+-------+----------------------
